Map: Catalyst LE

Players

meowmeowcute - Winner!

  • Race: Protoss Protoss
  • Spawn Location: 5:00

VOD

Have the link to the VOD?

Description

Time

  • Played on: Dec. 19, 2017, 3:08 p.m.
  • Length: 19:31
Show
View Real Time Build Order
Export as new Build Order

meowmeowcute Protoss - Winner!

Build Orders:  

Get SALT Encoding   

  12  0:14  Probe (Chrono Boost)  
  13  0:29  Assimilator  
  14  0:31  Probe (Chrono Boost)  
  14  0:56  Pylon  
  15  1:12  Probe (Chrono Boost)  
  15  1:32  Gateway  
  15  1:44  Forge  
  15  1:57  Probe (Chrono Boost), Pylon  
  16  2:09  Assimilator  
  16  2:14  Probe (Chrono Boost)  
  18  2:31  Probe (Chrono Boost)  
  18  2:40  Zealot  
  20  2:57  Cybernetics Core  
  20  3:18  Zealot  
  22  3:26  Pylon  
  22  3:32  Pylon  
  23  3:40  Probe (Chrono Boost)  
  23  3:56  Zealot  
  23  3:57  Probe (Chrono Boost)  
  26  4:04  Photon Cannon  
  26  4:14  Probe (Chrono Boost)  
  26  4:15  Shield Battery  
  27  4:27  Photon Cannon  
  28  4:31  Probe (Chrono Boost)  
  28  4:45  Sentry  
  28  4:48  Probe (Chrono Boost)  
  31  5:22  Stalker  
  33  5:30  Stargate  
  33  5:57  Robotics Facility  
  33  6:03  Stalker  
  35  6:11  Pylon  
  35  6:45  Stalker  
  37  6:51  Pylon  
  37  7:25  Photon Cannon  
  37  7:27  Stalker  
  40  7:42  Probe (Chrono Boost)  
  40  8:08  Twilight Council  
  40  8:09  Stalker  
  42  8:28  Gateway  
  42  8:37  Observer  
  43  8:51  Zealot  
  43  8:59  Pylon  
  45  9:07  Immortal  
  49  9:13  Dark Shrine  
  49  10:01  Fleet Beacon  
  49  10:06  Zealot  
  51  10:47  Nexus  
  51  11:01  Pylon  
  51  11:05  Pylon  
  51  11:38  Protoss Ground Weapons Level 1  
  59  11:58  Assimilator, Zealot  
  61  12:02  Assimilator  
  61  12:36  Zealot  
  61  12:38  Photon Cannon  
  63  12:42  Photon Cannon  
  63  13:14  Zealot  
  65  13:52  Zealot  
  65  13:59  Immortal  
  71  14:18  Protoss Ground Armor Level 1  
  71  14:25  Probe (Chrono Boost)  
  71  14:26  Unknown  
  72  14:30  Zealot  
  75  14:42  Probe (Chrono Boost)  
  75  14:43  Carrier  
  81  14:54  Immortal  
  81  14:59  Probe (Chrono Boost)  
  86  15:15  Probe (Chrono Boost)  
  87  15:32  Probe (Chrono Boost)  
  88  15:49  Probe (Chrono Boost)  
  89  15:50  Protoss Air Armor Level 1  
  89  17:06  Phoenix  
  91  17:11  Stalker  
  94  17:21  Probe (Chrono Boost)  
  94  17:38  Probe (Chrono Boost)  
  95  17:41  Phoenix  
  97  17:53  Stalker  
  99  18:16  Phoenix  
Tags
 
Add a new tag
Caveats
  • Supply blocks, unpowered buildings, or Contaminate may cause inaccurate times.
  • Supply counts are checked every 10 seconds.